 Dungeon Crawl Stone Soup version 0.27.1-33-g824d729ab1 (webtiles) character file.

Game seed: 3021166245215333043

49 belegose the Skirmisher (level 4, 0/37 HPs)
             Began as a Formicid Abyssal Knight on Dec 25, 2021.
             Was a Follower of Lugonu.
             Slain by a water moccasin (3 damage)
             ... on level 3 of the Dungeon.
             The game lasted 00:03:57 (2498 turns).

belegose the Skirmisher (Formicid Abyssal Knight)   Turns: 2498, Time: 00:03:58

Health: 0/37       AC:  5    Str: 18    XL:     4   Next: 2%
Magic:  6/6        EV: 10    Int: 11    God:    Lugonu [*.....]
Gold:   96         SH:  0    Dex: 10    Spells: 3/3 levels left

rFire    . . .     SeeInvis +   k - +2 short sword (drain)
rCold    . . .     Faith    .   (no shield)
rNeg     . . .     Spirit   .   l - +0 ring mail
rPois    .         Reflect  .   (helmet unavailable)
rElec    .         Harm     .   (no cloak)
rCorr    .         Rampage  .   (no gloves)
Will     .....                  (no boots)
Stlth    ..........             (no amulet)
HPRegen  0.12/turn              (no ring)
MPRegen  0.10/turn              (no ring)

@: lethally poisoned (0 -> -9)
A: permanent stasis, dig shafts and tunnels, antennae 3, four strong arms
a: Dig, Shaft Self, Renounce Religion, Depart the Abyss


You were on level 3 of the Dungeon.
You worshipped Lugonu.
Lugonu was aware of your devotion.
You visited 1 branch of the dungeon, and saw 3 of its levels.
You visited the Abyss 1 time.

You collected 96 gold pieces.

Inventory:

Hand Weapons
 a - a +1 mace
 k - a +2 short sword of draining (weapon)
Missiles
 e - 63 stones
 h - 48 bolts
Armour
 l - a +0 ring mail (worn)
Jewellery
 c - a ring of resist corrosion
Scrolls
 b - a scroll of immolation {unknown}
 d - a scroll of identify {unknown}
 f - a scroll of fear {unknown}
 i - a scroll of noise {unknown}
Potions
 g - a potion of attraction {unknown}
 j - 2 potions of curing


   Skills:
 + Level 4.0 Fighting
 + Level 1.3 Short Blades
 - Level 2.2 Maces & Flails
 - Level 2.1 Armour
 - Level 0.8 Dodging
 + Level 3.2 Invocations


You had 3 spell levels left.
You didn't know any spells.
Your spell library was empty.

Dungeon Overview and Level Annotations

Branches:
Dungeon (3/15)

Altars:


Innate Abilities, Weirdness & Mutations

You cannot be hasted, slowed, berserked, paralysed or teleported.
You can dig through walls and to a lower floor.
You have a pair of large antennae on your head. (SInv)
Your four strong arms can wield two-handed weapons with a shield.


Message History

The water moccasin is moderately wounded.
The water moccasin closely misses you.
You closely miss the water moccasin.
The water moccasin is moderately wounded.
The water moccasin bites you but does no damage.
The water moccasin barely misses you.
You miss the water moccasin.
The water moccasin is moderately wounded.
The water moccasin bites you.
You are poisoned.
The water moccasin poisons you!
You hit the water moccasin.
The water moccasin is heavily wounded.
You feel very sick. The water moccasin barely misses you.
The water moccasin bites you!
* * * LOW HITPOINT WARNING * * *
You barely miss the water moccasin.
The water moccasin is heavily wounded.
* * * LOW HITPOINT WARNING * * *
You feel very sick. The water moccasin bites you.
* * * LOW HITPOINT WARNING * * *
It was a potion of curing.
You feel better. The water moccasin barely misses you.
Okay, then.
You aren't carrying any items that you can evoke.
Unknown command.
You hit the water moccasin.
The water moccasin is severely wounded.
The water moccasin bites you.
* * * LOW HITPOINT WARNING * * *
You are lethally poisoned!
The water moccasin poisons you!
The water moccasin bites you but does no damage.
You hit the water moccasin.
The water moccasin is almost dead.
* * * LOW HITPOINT WARNING * * *
You feel very sick. The water moccasin bites you.
You die...

# # .. #. ..#
.#### .. ...##
#.#S..##
#..@..$#
............#
#..###.....#.#
# ##...## {
##.## .# .# ..


You could see a water moccasin (drained).

Vanquished Creatures
  A dart slug (D:1)
  3 bats
  5 endoplasms
  2 giant cockroaches (D:1)
  5 goblins
  5 hobgoblins
  3 kobolds
  3 quokkas
  6 ball pythons
  3 frilled lizards
  3 rats (D:1)
39 creatures vanquished.

Notes
Turn   | Place    | Note
-------+----------+-------------------------------------------
     0 | Abyss:1  | belegose the Formicid Abyssal Knight began the quest for
                  | the Orb.
     0 | Abyss:1  | Reached XP level 1. HP: 18/18 MP: 2/2
   114 | Abyss:2  | Noticed a small abomination
   115 | Abyss:2  | Noticed a shadow dragon simulacrum
   116 | D:1      | Escaped the Abyss
   268 | D:1      | Reached XP level 2. HP: 12/24 MP: 3/3
   589 | D:1      | Found a faded altar of an unknown god.
   589 | D:1      | Noticed a reaper
   630 | D:1      | Reached * piety under Lugonu
  1055 | D:1      | Reached XP level 3. HP: 27/30 MP: 5/5
  1377 | D:1      | Reached skill level 1 in Short Blades
  2243 | D:2      | Reached skill level 4 in Fighting
  2250 | D:2      | Reached XP level 4. HP: 37/37 MP: 6/6
  2480 | D:3      | Noticed a water moccasin
  2495 | D:3      | HP: 1/37 [water moccasin (2)]
  2498 | D:3      | Slain by a water moccasin

Illustrated notes

Levels and vault maps discovered:
D:1:      dpeg_arrival_tiny_b, layout_basic,
          dreamdust_ecumenical_altar_sealed_demon
D:2:      mumra_celtic_spiral_tile, layout_basic
D:3:      layout_loops_ring

Skill      XL: |  1  2  3 |
---------------+----------+-----
Short Blades   | 1 |  1.3
Invocations    | 3 |  3.2
Fighting       | 4 |  4.0
Maces & Flails | |  2.2
Armour         | |  2.1
Dodging        | |  0.8

Action                   |  1- 3 |  4- 6 || total
-------------------------+-------+-------++-------
Melee: Mace              |    13 |       ||    13
       Short sword       |    89 |    21 ||   110
Invok: Depart the Abyss  |     1 |       ||     1
  Use: Potion            |       |     1 ||     1
Armor: Leather armour    |    31 |       ||    31
       Ring mail         |     5 |     7 ||    12
Dodge: Dodged            |    79 |    12 ||    91
